 Dungeon Crawl Stone Soup version 0.30.0-18-gc0e69614cb (webtiles) character file.

Game seed: 4639239629306531167

49 Edyrem the Chopper (level 3, 0/34 HPs)
             Began as a Hill Orc Monk on May 25, 2023.
             Slain by a goblin
             ... wielding a +0 club
              (3 damage)
             ... on level 2 of the Dungeon.
             The game lasted 00:01:06 (510 turns).

Edyrem the Chopper (Hill Orc Monk)                   Turns: 510, Time: 00:01:07

Health: 0/34       AC:  3    Str: 15    XL:     3   Next: 77%
Magic:  3/3        EV: 12    Int: 10    God:
Gold:   13         SH:  0    Dex: 13    Spells: 2/2 levels left

rFire   . . .        a - +0 hand axe
rCold   . . .        d - orb {light}
rNeg    + . .        f - +0 leather armour
rPois   .            (no helmet)
rElec   .            (no cloak)
rCorr   .            (no gloves)
SInv    .            (no boots)
Will    .....        (no amulet)
Stlth   +            e - ring of positive energy
HPRegen 0.25/turn    (no ring)
MPRegen 0.08/turn

%: no passive effects
@: glowing
A: no striking features
a: no special abilities


You were on level 2 of the Dungeon.
You visited 1 branch of the dungeon, and saw 2 of its levels.

You collected 13 gold pieces.

Inventory:

Hand Weapons
 a - a +0 hand axe (weapon)
Armour
 b - a +0 robe
 d - an orb of light (worn)
 f - a +0 leather armour (worn)
Jewellery
 e - a ring of positive energy (left hand)
Potions
 c - a potion of ambrosia


   Skills:
 + Level 4.3 Fighting
 + Level 4.8 Axes
 + Level 2.9 Dodging


You had 2 spell levels left.
You didn't know any spells.
Your spell library was empty.

Dungeon Overview and Level Annotations

Branches:
Dungeon (1/15)

Altars:
Wu Jian

Annotations:
D:2 Terence


Message History

Terence is heavily wounded.
Terence zaps a wand.
The roots erupt in riotous growth!
The grasping roots grab you!
Terence is unaffected.
The grasping roots constrict you.
You hit Terence.
Terence is heavily wounded.
Terence hits you with a +0 trident. The grasping roots constrict you.
* * * LOW HITPOINT WARNING * * *
You hit Terence.
Terence is severely wounded.
Terence hits you with a +0 trident.
* * * LOW HITPOINT WARNING * * *
The grasping roots constrict you.
* * * LOW HITPOINT WARNING * * *
The grasping roots release their grip on you.
Aiming: Paralyse
Press: ? - help, Shift-Dir - straight line, f - Terence
Aim: Terence, wielding a +0 trident, wearing a +0 scale mail and carrying a wand of roots (4) (severely wounded, haloed, chance to affect: 57%) Terence suddenly stops moving!
The now-empty wand crumbles to dust.
A goblin comes into view. It is wielding a +0 club.
The helpless Terence fails to defend himself.
You hit Terence but do no damage.
Terence is severely wounded.
The helpless Terence fails to defend himself.
You hit Terence but do no damage.
Terence is severely wounded.
The helpless Terence fails to defend himself.
You hit Terence but do no damage.
Terence is severely wounded.
The helpless Terence fails to defend himself.
You hit Terence but do no damage.
Terence is severely wounded.
The helpless Terence fails to defend himself.
You hit Terence but do no damage.
Terence is severely wounded.
The helpless Terence fails to defend himself.
You hit Terence but do no damage.
Terence is severely wounded.
You barely miss the goblin. The goblin hits you with a +0 club.
You die...

# #.# # #.# .#.# # #.# ...
###.############.# +#
#................# ...
#.#..###..#####..# ....
..##.# #..# ##...# ..(..
..##.###..###...g###......
................@@.'......
..........#.#...####......
.###.###..#.##..# .....
.##..###..#.###.# ...[
................# ...
###.#######.##### +# #.#
#.# #.# #.# ###.# #.#


You could see Terence (paralysed) and a goblin.

Vanquished Creatures
  3 gnolls (D:2)
  An adder (D:2)
  A bat (D:2)
  3 goblins (D:2)
  A hobgoblin (D:2)
  2 kobolds (D:2)
  A quokka (D:2)
  A frilled lizard (D:2)
13 creatures vanquished.

Notes
Turn   | Place    | Note
-------+----------+-------------------------------------------
     0 | D:1      | Edyrem the Hill Orc Monk began the quest for the Orb.
     0 | D:1      | Reached XP level 1. HP: 19/19 MP: 1/1
     3 | D:1      | You fall into a shaft and drop 1 floor!
    65 | D:2      | Reached XP level 2. HP: 12/27 MP: 2/2
    70 | D:2      | Reached XP level 3. HP: 15/33 MP: 3/3
   405 | D:2      | Found an ornate altar of the Wu Jian Council.
   486 | D:2      | Noticed Terence
   510 | D:2      | Slain by a goblin

Illustrated notes

Levels and vault maps discovered:
D:1:      ncdulo_lavacross, layout_loops_ring, minmay_pentomino_v2
D:2:      layout_loops_corners, basic_altar, uniq_terence

Skill      XL: |  1  2 |
---------------+-------+-----
Fighting       | 4 |  4.3
Axes           | |  4.8
Dodging        | |  2.9

Action                     || total
---------------------------++-------
  Melee: Hand axe          ||    57
  Evoke: Wand              ||     1
   Stab: Paralysed         ||     6
 Armour: Robe              ||     8
         Leather armour    ||     2
  Dodge: Dodged            ||    37
